 Dungeon Crawl Stone Soup version 0.23.2-1-ga50397a (webtiles) character file.

Game seed: 13799403961081333207

39 MalarOregon the Ruffian (level 3, -1/30 HPs)
             Began as a Ghoul Gladiator on May 31, 2019.
             Slain by a gnoll
             ... wielding a +0 whip
              (4 damage)
             ... on level 1 of the Dungeon.
             The game lasted 00:02:24 (1080 turns).

MalarOregon the Ruffian (Ghoul Gladiator)           Turns: 1080, Time: 00:02:25

Health: -1/30      AC:  4    Str: 17    XL:     3   Next: 47%
Magic:  2/2        EV: 12    Int:  4    God:
Gold:   57         SH:  0    Dex: 10    Spells: 2/2 levels left

rFire    . . .     SeeInvis .     - Unarmed
rCold    + . .     Gourm    .   (no shield)
rNeg     + + +     Faith    .   a - +0 leather armour
rPois    ∞         Spirit   .   b - +0 helmet
rElec    .         Reflect  .   (no cloak)
rCorr    .         Harm     .   (no gloves)
MR       .....                  (no boots)
Stlth    +.........             (no amulet)
HPRegen  0.00/turn              (no ring)
MPRegen  0.08/turn              (no ring)

@: rotting
A: rotting body, claws 1, carnivore, cold resistance 1, negative energy
resistance 3, inhibited regeneration, torment resistance, unbreathing
a: no special abilities


You were on level 1 of the Dungeon.
You were not hungry.

You visited 1 branch of the dungeon, and saw 2 of its levels.

You collected 57 gold pieces.

Inventory:

Missiles
 c - 3 throwing nets (quivered) {!f}
Armour
 a - a +0 leather armour (worn)
 b - a +0 helmet (worn)
Jewellery
 l - an uncursed ring of flight {unknown}
   (You found it on level 1 of the Dungeon)
Scrolls
 f - a scroll of noise {unknown}
 i - 2 scrolls of teleportation {unknown}
 k - a scroll of amnesia {unknown}
 n - a scroll of enchant armour {unknown}
Potions
 g - a potion of haste {unknown}
 h - a potion of cancellation {unknown}
 j - 2 potions of curing {unknown}
 m - a potion of invisibility {unknown}
Comestibles
 e - a ration {!d}


   Skills:
 + Level 2.8 Fighting
 - Level 1.7 Throwing
 - Level 2.6 Dodging
 + Level 1.8 Stealth
 * Level 4.0 Unarmed Combat


You had 2 spell levels left.
You didn't know any spells.
Your spell library was empty.

Dungeon Overview and Level Annotations

Branches:
Dungeon (2/15)

Altars:


Innate Abilities, Weirdness & Mutations

Your body is rotting away.
You thrive on raw meat.
You are immune to poison.
You have sharp fingernails.
You are carnivorous and can eat meat at any time.
Your flesh is cold resistant. (rC+)
You are immune to negative energy. (rN+++)
You do not regenerate when monsters are visible.
You are immune to unholy pain and torment.
You can survive without breathing.


Message History

You scratch the gnoll. The kobold hits you but does no damage.
The gnoll hits you.
You scratch the gnoll but do no damage. The kobold barely misses you.
The gnoll barely misses you.
You scratch the gnoll.
You kill the gnoll!
Your Unarmed Combat skill increases to level 4!
The kobold hits you but does no damage.
You scratch the kobold. The kobold hits you but does no damage.
You scratch the kobold.
You kill the kobold!
No target in view!
You see here a gnoll corpse.
You butcher the gnoll corpse.
d - 4 chunks of flesh (gained 1)
You see here a gnoll skeleton.
There is a stone staircase leading down here.
You start resting.
Some of the chunks of flesh in your inventory have rotted away.
You climb downwards.
The bat hits you but does no damage. The gnoll barely misses you.
There is a stone staircase leading up here.
You see here 2 stones.
The bat closely misses you. The gnoll hits you with a +0 club.
The gnoll hits you with a +0 whip.
You climb upwards.
There is a stone staircase leading down here.
You scratch the gnoll. The gnoll misses you. The gnoll closely misses you.
You barely miss the gnoll. The gnoll barely misses you.
The gnoll hits you with a +0 club.
You scratch the gnoll. The gnoll hits you but does no damage.
The gnoll closely misses you.
You scratch the gnoll but do no damage. The gnoll hits you with a +0 whip.
You scratch the gnoll. The gnoll hits you with a +0 club.
The gnoll hits you with a +0 whip.
* * * LOW HITPOINT WARNING * * *
You scratch the gnoll but do no damage. The gnoll hits you with a +0 club!
* * * LOW HITPOINT WARNING * * *
Eat one of 2 chunks of flesh? (ye/n/q)
You eat one of the 2 chunks of flesh.
This raw flesh tastes great!
The gnoll hits you but does no damage. The gnoll hits you with a +0 club.
* * * LOW HITPOINT WARNING * * *
Eat a chunk of flesh? (ye/n/q)
You eat the chunk of flesh.
This raw flesh tastes great!
The gnoll hits you but does no damage. x2
You eat one of the 2 rations {!d}.
That ration really hit the spot!
The gnoll misses you. The gnoll hits you with a +0 club.
* * * LOW HITPOINT WARNING * * *
You scratch the gnoll but do no damage. The gnoll hits you with a +0 whip.
You die...

≈≈≈..≈##..###.......# #
≈≈.≈≈.##..#..)......# #
..≈≈≈≈.#..#.........#############
≈≈≈≈≈≈....#.........'............
≈≈8≈≈≈#.#.#.........#############
≈≈≈≈≈##.#.#.#.......'...[.......#
≈≈≈≈###.#.#.........###########.#
≈≈≈## #.#.######g#### #.# ####
#.#.# #@# #.# #.#.#
#g##############.#
###+#+######.............##.#
#.........##............(##.#
#.........##.............##.#
#####.........##.............##.#
(...)........###.............##.#
####.........# #.............##.#
#.........# #.............'.>#


You could see 2 gnolls.

Vanquished Creatures
  A gnoll (D:1)
  A worm (D:1)
  2 dart slugs (D:1)
  A leopard gecko (D:1)
  2 goblins (D:1)
  3 hobgoblins (D:1)
  4 kobolds (D:1)
  A ball python (D:1)
  4 bats (D:1)
  2 frilled lizards (D:1)
  2 rats (D:1)
23 creatures vanquished.

Notes
Turn   | Place    | Note
-------+----------+-------------------------------------------
     0 | D:1      | MalarOregon the Ghoul Gladiator began the quest for the
                  | Orb.
     0 | D:1      | Reached XP level 1. HP: 17/17 MP: 0/0
   250 | D:1      | Reached XP level 2. HP: 23/25 MP: 1/1
   277 | D:1      | Reached skill level 1 in Stealth
   752 | D:1      | Reached XP level 3. HP: 11/30 MP: 2/2
   966 | D:1      | Reached skill level 4 in Unarmed Combat
  1080 | D:1      | Slain by a gnoll

Skill      XL: |  1  2  3 |
---------------+----------+-----
Stealth        | 1 |  1.8
Unarmed Combat | 4 |  4.0
Fighting       | |  2.8
Throwing       | |  1.7
Dodging        | |  2.6

Action                   || total
-------------------------++-------
Melee: Unarmed           ||    78
  Eat: Chunk             ||     6
       Ration            ||     1
Armor: Leather armour    ||    32
Dodge: Dodged            ||    63
